PBL
CALGARY FLAMES @ COLORADO AVALANCHE
10/20/2046
 
TOP OF THE 1ST
El Paso Chihuahuas batting - Pitching for Syracuse Chiefs : LHP Tim Wybenga
Pitching: LHP Tim Wybenga
Batting: LHB Mike Holt 0-0: Called Strike
0-1: Ball
1-1: Ball
2-1: Foul Ball, location: 2F
2-2: Strikes out swinging
Batting: RHB Jose Morrissey 0-0: Ground out 5-3 (Groundball, 56, EV 103.8 MPH)
Batting: RHB Matt Van de Voorde 0-0: Ball
1-0: Ball
2-0: Fly out, F6 (Flyball, 5D, EV 76.9 MPH)
Top of the 1st over - 0 runs, 0 hits, 0 errors, 0 left on base; El Paso 0 - Syracuse 0
BOTTOM OF THE 1ST
Syracuse Chiefs batting - Pitching for El Paso Chihuahuas : LHP Matt Estock
Pitching: LHP Matt Estock
Batting: RHB Antonio Gomez 0-0: Ball
1-0: Ground out U3 (Groundball, 3L, EV 79.4 MPH)
Batting: RHB Jack Power 0-0: Ball
1-0: Foul Ball, location: 2F
1-1: Ball
2-1: Called Strike
2-2: Foul Ball, location: 2F
2-2: Ball
3-2: Foul Ball, location: 2F
3-2: Base on Balls
Batting: RHB Jared Speck 0-0: Called Strike
0-1: Ball
1-1: Grounds into double play, 4-6-3 (Groundball, 4, EV 101.2 MPH)
Bottom of the 1st over - 0 runs, 0 hits, 0 errors, 0 left on base; El Paso 0 - Syracuse 0
TOP OF THE 2ND
El Paso Chihuahuas batting - Pitching for Syracuse Chiefs : LHP Tim Wybenga
Batting: LHB Aaron LeBlanc 0-0: Ball
1-0: Foul Ball, location: 2F
1-1: Foul Ball, location: 2F
1-2: Ball
2-2: Ball
3-2: Foul Ball, location: 2F
3-2: Foul Ball, location: 2F
3-2: Foul Ball, location: 2F
3-2: Base on Balls
Batting: SHB Brian Bentz 0-0: Called Strike
0-1: Ball
Balk!
Aaron LeBlanc to second
1-1: Foul Ball, location: 2F
1-2: Ball
2-2: 2-RUN HOME RUN (Flyball, 7D, EV 103.8 MPH), Distance : 381 ft
Batting: RHB Chiel Palstermans 0-0: Called Strike
0-1: Called Strike
0-2: Foul Ball, location: 2F
0-2: Ball
1-2: Foul Ball, location: 2F
1-2: Ball
2-2: Ball
3-2: Foul Ball, location: 2F
3-2: Strikes out swinging
Batting: RHB Matthew Starr 0-0: Ball
1-0: Ball
2-0: Ground out 4-3 (Groundball, 4, EV 93.8 MPH)
Batting: RHB Gavin Fimple 0-0: Called Strike
0-1: Called Strike
0-2: Ball
1-2: Ball
2-2: Ground out U3 (Groundball, 34S, EV 71.9 MPH)
Top of the 2nd over - 2 runs, 1 hit, 0 errors, 0 left on base; El Paso 2 - Syracuse 0
BOTTOM OF THE 2ND
Syracuse Chiefs batting - Pitching for El Paso Chihuahuas : LHP Matt Estock
Batting: LHB Raul Rojas 0-0: Ball
1-0: Ball
2-0: Called Strike
2-1: Foul Ball, location: 2F
2-2: Ball
3-2: SINGLE (Flyball, 34D, EV 90.6 MPH)
Batting: RHB Dan Fallon 0-0: Called Strike
0-1: Ball
1-1: Grounds into double play, 4-6-3 (Groundball, 4, EV 79.4 MPH)
Batting: RHB Brian Manson 0-0: Called Strike
0-1: Ground out 5-3 (Groundball, 15, EV 81.9 MPH)
Bottom of the 2nd over - 0 runs, 1 hit, 0 errors, 0 left on base; El Paso 2 - Syracuse 0
TOP OF THE 3RD
El Paso Chihuahuas batting - Pitching for Syracuse Chiefs : LHP Tim Wybenga
Batting: LHB Bob Schmidt 0-0: Ground out 4-3 (Groundball, 4M, EV 80.6 MPH)
Batting: LHB Mike Holt 0-0: Called Strike
0-1: Ball
1-1: Ball
2-1: SINGLE (Groundball, 4MD, EV 96.9 MPH)
Batting: RHB Jose Morrissey 0-0: DOUBLE (Flyball, 89XD, EV 110.0 MPH)
Mike Holt to third
Runner from 3rd tries for Home, SAFE, throw by CF to home
Batting: RHB Matt Van de Voorde 0-0: Called Strike
Jose Morrissey steals 3rd base (no throw)
0-1: Fly out, F6 (Popup, 6MD, EV 60.6 MPH)
Batting: LHB Aaron LeBlanc 0-0: Ball
1-0: Ball
2-0: Swinging Strike
2-1: Called Strike
2-2: Ball
3-2: Strikes out swinging
Top of the 3rd over - 1 run, 2 hits, 0 errors, 1 left on base; El Paso 3 - Syracuse 0
BOTTOM OF THE 3RD
Syracuse Chiefs batting - Pitching for El Paso Chihuahuas : LHP Matt Estock
Batting: RHB Donovan Auclair 0-0: Ball
1-0: Foul Ball, location: 2F
1-1: Foul Ball, location: 2F
1-2: Ground out 4-3 (Groundball, 4, EV 81.9 MPH)
Batting: RHB Rene Montoya 0-0: Ball
1-0: Fly out, F8 (Flyball, 8LD, EV 80.0 MPH)
Batting: RHB Ryan Short 0-0: Ground out 5-3 (Groundball, 56, EV 98.1 MPH)
Bottom of the 3rd over - 0 runs, 0 hits, 0 errors, 0 left on base; El Paso 3 - Syracuse 0
TOP OF THE 4TH
El Paso Chihuahuas batting - Pitching for Syracuse Chiefs : LHP Tim Wybenga
Batting: SHB Brian Bentz 0-0: Foul Ball, location: 2F
0-1: SINGLE (Line Drive, 8LS, EV 102.5 MPH)
Batting: RHB Chiel Palstermans 0-0: Ball
1-0: Fly out, F6 (Flyball, 56D, EV 90.0 MPH)
Batting: RHB Matthew Starr 0-0: Swinging Strike
0-1: Called Strike
0-2: Strikes out swinging
Batting: RHB Gavin Fimple 0-0: Foul Ball, location: 2F
0-1: Ball
1-1: Called Strike
1-2: Ball
2-2: Ball
3-2: Strikes out swinging
Top of the 4th over - 0 runs, 1 hit, 0 errors, 1 left on base; El Paso 3 - Syracuse 0
BOTTOM OF THE 4TH
Syracuse Chiefs batting - Pitching for El Paso Chihuahuas : LHP Matt Estock
Batting: RHB Antonio Gomez 0-0: Ball
1-0: Ball
2-0: Foul Ball, location: 2F
2-1: Ball
3-1: SINGLE (Groundball, 6MD, EV 97.5 MPH)
Batting: RHB Jack Power 0-0: Called Strike
0-1: Ball
1-1: Swinging Strike
1-2: Foul Ball, location: 2F
1-2: Foul Ball, location: 2F
1-2: Foul Ball, location: 2F
1-2: Ball
2-2: Ball
3-2: Strikes out swinging
Batting: RHB Jared Speck Pickoff Throw to First - Error! E1
Antonio Gomez to second
0-0: Ball
1-0: Ball
2-0: Called Strike
2-1: Swinging Strike
2-2: Fly out, F9 (Flyball, 9D, EV 105.0 MPH)
Runner from 2nd tags up, SAFE at 3rd, no throw by RF
Batting: LHB Raul Rojas 0-0: Ball
1-0: Called Strike
1-1: Foul Ball, location: 2F
1-2: Ball
2-2: Fly out, F3 (Line Drive, 3, EV 65.6 MPH)
Bottom of the 4th over - 0 runs, 1 hit, 1 error, 1 left on base; El Paso 3 - Syracuse 0
TOP OF THE 5TH
El Paso Chihuahuas batting - Pitching for Syracuse Chiefs : LHP Tim Wybenga
Batting: LHB Bob Schmidt 0-0: Called Strike
0-1: Ball
1-1: Ball
2-1: Swinging Strike
2-2: Ground out U3 (Groundball, 3L, EV 76.9 MPH)
Batting: LHB Mike Holt 0-0: Ball
1-0: Ball
2-0: Foul Ball, location: 2F
2-1: Foul Ball, location: 2F
2-2: SINGLE (Line Drive, 78M, EV 95.0 MPH)
Batting: RHB Jose Morrissey 0-0: Ball
Mike Holt steals 2nd base
1-0: Foul Ball, location: 2F
1-1: SINGLE (Groundball, 6MD, EV 102.5 MPH)
Mike Holt to third
Runner from 3rd tries for Home, SAFE, throw by CF to home
Jose Morrissey to second
Batting: RHB Matt Van de Voorde 0-0: Fly out, F7 (Flyball, 7, EV 74.4 MPH)
Batting: LHB Aaron LeBlanc 0-0: Ball
1-0: Called Strike
1-1: Foul Ball, location: 2F
1-2: SINGLE (Flyball, 5D, EV 91.2 MPH)
Jose Morrissey to third
Throwing error, E7
Jose Morrissey scores
Aaron LeBlanc to second
Pitching: RHP Ryan Casey
Batting: SHB Brian Bentz 0-0: Swinging Strike
0-1: Called Strike
0-2: Ball
1-2: Strikes out swinging
Top of the 5th over - 2 runs, 3 hits, 1 error, 1 left on base; El Paso 5 - Syracuse 0
BOTTOM OF THE 5TH
Syracuse Chiefs batting - Pitching for El Paso Chihuahuas : LHP Matt Estock
Batting: RHB Dan Fallon 0-0: Ball
1-0: Called Strike
1-1: Called Strike
1-2: Foul Ball, location: 2F
1-2: Ball
2-2: SINGLE (Line Drive, 34D, EV 96.9 MPH)
Batting: RHB Brian Manson 0-0: Foul Ball, location: 2F
0-1: Ball
1-1: Foul Ball, location: 2F
1-2: SINGLE (Groundball, 5S, EV 61.2 MPH) (infield hit)
Dan Fallon to second
Batting: RHB Donovan Auclair 0-0: Called Strike
0-1: Swinging Strike
0-2: Ball
1-2: Strikes out looking
Batting: RHB Rene Montoya 0-0: Ball
1-0: Ball
2-0: Foul Ball, location: 2F
2-1: Foul Ball, location: 2F
2-2: Ball
Passed Ball!
Dan Fallon to third
Brian Manson to second
3-2: Base on Balls
Batting: RHB Ryan Short 0-0: Ball
1-0: Ground out 6-3 (Groundball, 6S, EV 74.4 MPH)
Dan Fallon scores
Brian Manson to third
Rene Montoya to second
Batting: RHB Antonio Gomez 0-0: Ball
1-0: Ball
2-0: Foul Ball, location: 2F
2-1: Fly out, F4 (Line Drive, 4, EV 63.8 MPH)
Bottom of the 5th over - 1 run, 2 hits, 0 errors, 2 left on base; El Paso 5 - Syracuse 1
TOP OF THE 6TH
El Paso Chihuahuas batting - Pitching for Syracuse Chiefs : RHP Ryan Casey
Batting: RHB Chiel Palstermans 0-0: Ball
1-0: DOUBLE (Line Drive, 7LM, EV 88.8 MPH)
Batting: RHB Matthew Starr 0-0: Ball
1-0: Ball
2-0: Called Strike
2-1: Ball
3-1: Base on Balls
Batting: RHB Gavin Fimple 0-0: Ball
1-0: Ball
2-0: Called Strike
2-1: Swinging Strike
2-2: Strikes out swinging
Batting: LHB Bob Schmidt 0-0: Ball
1-0: SINGLE (Groundball, 23, EV 64.4 MPH) (infield hit)
Chiel Palstermans to third
Matthew Starr to second
Batting: LHB Mike Holt 0-0: Called Strike
0-1: Swinging Strike
0-2: Strikes out swinging
Batting: RHB Jose Morrissey 0-0: Ball
1-0: Foul Ball, location: 2F
1-1: Swinging Strike
1-2: Fly out, F3 (Popup, 23F, EV 85.0 MPH)
Top of the 6th over - 0 runs, 2 hits, 0 errors, 3 left on base; El Paso 5 - Syracuse 1
BOTTOM OF THE 6TH
Syracuse Chiefs batting - Pitching for El Paso Chihuahuas : LHP Matt Estock
Batting: RHB Jack Power 0-0: Ball
1-0: Ball
2-0: Foul Ball, location: 2F
2-1: Ball
3-1: SOLO HOME RUN (Flyball, 89XD, EV 99.4 MPH), Distance : 396 ft
Batting: RHB Jared Speck 0-0: Called Strike
0-1: Swinging Strike
0-2: Ball
1-2: Ball
2-2: Ground out 5-3 (Groundball, 5, EV 86.9 MPH)
Batting: LHB Raul Rojas 0-0: Ball
1-0: Ball
2-0: Called Strike
2-1: Foul Ball, location: 2F
2-2: SINGLE (Groundball, 34D, EV 104.4 MPH)
Pitching: RHP Larry Myers
Batting: RHB Dan Fallon 0-0: Ball
1-0: Called Strike
1-1: Fly out, F8 (Flyball, 78XD, EV 93.8 MPH)
Batting: RHB Brian Manson 0-0: Ball
1-0: Ball
2-0: Called Strike
2-1: Fielders Choice at 2nd, 6-4 (Groundball, 6, EV 85.6 MPH)
Bottom of the 6th over - 1 run, 2 hits, 0 errors, 1 left on base; El Paso 5 - Syracuse 2
TOP OF THE 7TH
El Paso Chihuahuas batting - Pitching for Syracuse Chiefs : RHP Ryan Casey
Batting: RHB Matt Van de Voorde 0-0: Fly out, F4 (Popup, 34S, EV 77.5 MPH)
Batting: LHB Aaron LeBlanc 0-0: Called Strike
0-1: Foul Ball, location: 2F
0-2: Foul Ball, location: 2F
0-2: Foul Ball, location: 2F
0-2: Ball
1-2: Ground out 5-3 (Groundball, 5S, EV 71.9 MPH)
Batting: SHB Brian Bentz 0-0: Ball
1-0: Ground out 4-3 (Groundball, 34D, EV 90.0 MPH)
Top of the 7th over - 0 runs, 0 hits, 0 errors, 0 left on base; El Paso 5 - Syracuse 2
BOTTOM OF THE 7TH
Syracuse Chiefs batting - Pitching for El Paso Chihuahuas : RHP Larry Myers
Batting: RHB Donovan Auclair 0-0: Called Strike
0-1: Ball
1-1: Swinging Strike
1-2: Strikes out swinging
Batting: RHB Rene Montoya 0-0: Called Strike
0-1: Ball
1-1: DOUBLE (Groundball, 3L, EV 99.4 MPH)
Batting: RHB Ryan Short 0-0: SINGLE (Groundball, 56D, EV 101.2 MPH)
Rene Montoya to third
Batting: RHB Antonio Gomez 0-0: Ball
1-0: Ball
2-0: Swinging Strike
2-1: Called Strike
2-2: Strikes out swinging
Batting: RHB Jack Power 0-0: Foul Ball, location: 2F
0-1: Fielders Choice at 2nd, 6-4 (Groundball, 56D, EV 78.1 MPH)
Bottom of the 7th over - 0 runs, 2 hits, 0 errors, 2 left on base; El Paso 5 - Syracuse 2
TOP OF THE 8TH
El Paso Chihuahuas batting - Pitching for Syracuse Chiefs : RHP Ryan Casey
Pitching: RHP Isaiah Felton
Batting: RHB Chiel Palstermans 0-0: Ball
1-0: Fly out, F8 (Line Drive, 8RM, EV 103.8 MPH)
Batting: RHB Matthew Starr 0-0: Ball
1-0: DOUBLE (Line Drive, 89M, EV 88.1 MPH)
Batting: RHB Gavin Fimple 0-0: Intentional Walk
Batting: LHB Bob Schmidt 0-0: Fielders Choice at 2nd, 4-6 (Groundball, 4MD, EV 82.5 MPH)
Matthew Starr to third
Batting: LHB Mike Holt 0-0: Called Strike
0-1: Called Strike
0-2: Strikes out looking
Top of the 8th over - 0 runs, 1 hit, 0 errors, 2 left on base; El Paso 5 - Syracuse 2
BOTTOM OF THE 8TH
Syracuse Chiefs batting - Pitching for El Paso Chihuahuas : RHP Larry Myers
Pitching: RHP Dusty Pickard
Batting: RHB Jared Speck 0-0: Swinging Strike
0-1: Ball
1-1: Swinging Strike
1-2: Foul Ball, location: 2F
1-2: Strikes out looking
Batting: LHB Raul Rojas 0-0: Ball
1-0: Ball
2-0: Called Strike
2-1: Called Strike
2-2: SINGLE (Line Drive, 4MD, EV 105.6 MPH)
Batting: RHB Dan Fallon 0-0: Called Strike
0-1: Foul Ball, location: 2F
0-2: Ball
1-2: Ball
2-2: Foul Ball, location: 2F
2-2: Ball
3-2: Strikes out swinging
Pinch Hitting: LHB Ray Whitehead 0-0: Foul Ball, location: 2F
0-1: Ball
1-1: Ball
2-1: Ground out 5-3 (Groundball, 56S, EV 67.5 MPH)
Bottom of the 8th over - 0 runs, 1 hit, 0 errors, 1 left on base; El Paso 5 - Syracuse 2
TOP OF THE 9TH
El Paso Chihuahuas batting - Pitching for Syracuse Chiefs : RHP Isaiah Felton
Now in LF: Ray Whitehead
Batting: RHB Jose Morrissey 0-0: Ball
1-0: Ball
2-0: Called Strike
2-1: Fly out, F9 (Flyball, 9, EV 91.2 MPH)
Batting: RHB Matt Van de Voorde 0-0: Called Strike
0-1: Ball
1-1: Swinging Strike
1-2: Ball
2-2: SINGLE (Line Drive, 78M, EV 103.1 MPH)
Batting: LHB Aaron LeBlanc 0-0: Called Strike
0-1: SINGLE (Flyball, 6MD, EV 82.5 MPH)
Matt Van de Voorde to second
Batting: SHB Brian Bentz 0-0: Called Strike
0-1: Ball
1-1: Swinging Strike
1-2: Strikes out looking
Batting: RHB Chiel Palstermans 0-0: Foul Ball, location: 2F
0-1: Swinging Strike
0-2: Ball
1-2: Fly out, F6 (Popup, 4MD, EV 55.0 MPH)
Top of the 9th over - 0 runs, 2 hits, 0 errors, 2 left on base; El Paso 5 - Syracuse 2
BOTTOM OF THE 9TH
Syracuse Chiefs batting - Pitching for El Paso Chihuahuas : RHP Dusty Pickard
Pitching: LHP Joey Lowe
Batting: RHB Donovan Auclair 0-0: Ball
1-0: Ball
2-0: Fly out, F9 (Flyball, 9D, EV 80.6 MPH)
Batting: RHB Rene Montoya 0-0: Called Strike
0-1: Called Strike
0-2: Foul Ball, location: 2F
0-2: Foul Ball, location: 2F
0-2: Foul Ball, location: 2F
0-2: Foul Ball, location: 2F
0-2: Ball
1-2: Ground out 4-3 (Groundball, 4S, EV 81.9 MPH)
Batting: RHB Ryan Short 0-0: Called Strike
0-1: Foul Ball, location: 2F
0-2: Ground out 6-3 (Groundball, 6MD, EV 78.8 MPH)
Bottom of the 9th over - 0 runs, 0 hits, 0 errors, 0 left on base; El Paso 5 - Syracuse 2
Tuesday, September 13th , 2022 - OOTP Baseball 23.7 Build 88